 Dungeon Crawl Stone Soup version 0.26-a0-651-gb41185065b (webtiles) character file.

Game seed: 9860133462793999629

4 manyhoops the Fighter (level 1, -1/26 HPs)
             Began as a Gnoll Wanderer on Oct 14, 2020.
             Slain by a leopard gecko (4 damage)
             ... on level 1 of the Dungeon on Mar 31, 2021.
             The game lasted 00:00:59 (369 turns).

manyhoops the Fighter (Gnoll Wanderer)               Turns: 369, Time: 00:00:59

Health: -1/26      AC:  2    Str: 14    XL:     1   Next: 70%
Magic:  1/1        EV: 11    Int: 12    God:
Gold:   27         SH:  0    Dex: 16    Spells: 0/0 levels left

rFire    . . .     SeeInvis .   a - +2 dagger
rCold    . . .     Faith    .   (no shield)
rNeg     . . .     Spirit   .   e - +0 robe
rPois    .         Reflect  .   (no helmet)
rElec    .         Harm     .   (no cloak)
rCorr    .         Rampage  .   (no gloves)
MR       .....                  (no boots)
Stlth    +++.......             (no amulet)
HPRegen  0.08/turn              (no ring)
MPRegen  0.07/turn              (no ring)

@: no status effects
A: distributed training, fangs 1, strong nose
a: no special abilities


You were on level 1 of the Dungeon.
You visited 1 branch of the dungeon, and saw 1 of its levels.

You collected 27 gold pieces.

Inventory:

Hand Weapons
 a - a +2 dagger (weapon)
 c - a +0 short sword
Armour
 e - a +0 robe (worn)
Scrolls
 b - a scroll of blinking
 f - a scroll of magic mapping {unknown}
 h - 2 scrolls of identify {unknown}
Potions
 d - a potion of lignification
 g - a potion of flight {unknown}


   Skills:
 + Level 8.4 Fighting
 + Level 2.4 Short Blades
 + Level 0.1 Long Blades
 + Level 0.1 Axes
 + Level 0.1 Maces & Flails
 + Level 0.1 Polearms
 + Level 0.1 Staves
 + Level 0.1 Slings
 + Level 2.4 Bows
 + Level 0.1 Crossbows
 + Level 2.4 Throwing
 + Level 0.1 Armour
 + Level 0.1 Dodging
 + Level 4.0 Stealth
 + Level 2.4 Shields
 + Level 0.1 Unarmed Combat
 + Level 0.1 Spellcasting
 + Level 0.1 Conjurations
 + Level 0.1 Hexes
 + Level 0.1 Summonings
 + Level 0.1 Necromancy
 + Level 0.1 Translocations
 + Level 0.1 Transmutations
 + Level 0.1 Fire Magic
 + Level 0.1 Ice Magic
 + Level 0.1 Air Magic
 + Level 0.1 Earth Magic
 + Level 0.1 Poison Magic
 + Level 0.2 Invocations
 + Level 0.1 Evocations


You couldn't memorise any spells.
You didn't know any spells.
Your spell library was empty.

Dungeon Overview and Level Annotations

Branches:
Dungeon (1/15)

Altars:


Innate Abilities, Weirdness & Mutations

Your experience applies equally to all skills.
You have very sharp teeth.
Your uncanny sense of smell can sniff out nearby items.


Message History

Found 12 gold pieces.
The leopard gecko hisses angrily.
The leopard gecko bites you. The leopard gecko bites you.
The leopard gecko completely misses you.
The leopard gecko bites you. x2
The leopard gecko closely misses you. The leopard gecko closely misses you.
The leopard gecko bites you. The leopard gecko barely misses you.
The leopard gecko bites you.
* * * LOW HITPOINT WARNING * * *
The leopard gecko closely misses you.
The leopard gecko completely misses you.
The leopard gecko closely misses you.
The leopard gecko completely misses you.
The leopard gecko bites you.
* * * LOW HITPOINT WARNING * * *
The leopard gecko closely misses you. The leopard gecko bites you.
You die...

#.#
###.############
#...............
###.######.#######
..#.# #.# #.#.#
#.# #.#.# #.# ∆
#l#.# #.#
########@#.# #.#
#.....##.#.# #.#
#..........#
#.#######
.........##.###
#........
##.#.....##.#
#########
#....$##.#
..........#
############


You could see a leopard gecko.

Vanquished Creatures
  A hobgoblin (D:1)
  A ball python (D:1)
  A bat (D:1)
  A frilled lizard (D:1)
  2 kobolds (D:1)
6 creatures vanquished.

Notes
Turn   | Place    | Note
-------+----------+-------------------------------------------
     0 | D:1      | manyhoops the Gnoll Wanderer began the quest for the Orb.
     0 | D:1      | manyhoops set off with the following items: a +2 dagger, a
                  | scroll of blinking, a +0 short sword, a potion of
                  | lignification, a +0 robe
     0 | D:1      | Reached XP level 1. HP: 26/26 MP: 1/1
   369 | D:1      | Slain by a leopard gecko

Illustrated notes

Levels and vault maps discovered:
D:1:      nzn_arrival_crosshair, layout_loops_ring, wad_floor_pattern_untrapped

Action                   || total
-------------------------++-------
Melee: Dagger            ||    22
 Stab: Sleeping          ||     1
Armor: Robe              ||     4
Dodge: Dodged            ||    20

Table legend: (Time is in decaauts)
 A = Elapsed time spent in this place.
 B = Non-inter-level travel time spent in this place.
 C = Inter-level travel time spent in this place.
 D = Time resting spent in this place.
 E = Time spent auto-exploring this place.
 F = Levels seen in this place.
 G = Mean time per level.
                   A        B        C        D        E       F      G
               +--------+--------+--------+--------+--------+-----+--------+
         Total |    366 |    366 |      0 |      0 |    294 |   1 |  366.0 |
       Dungeon |    366 |    366 |      0 |      0 |    294 |   1 |  366.0 |
               +--------+--------+--------+--------+--------+-----+--------+

Top non-repeatable levels by time:
     D:1: 366 daAuts
